 Dungeon Crawl Stone Soup version 0.29.1-15-g9cfb28693d (webtiles) character file.

Game seed: 14552377515776886386

98 protoss039 the Digger (level 4, 22/33 HPs)
             Began as a Demonspawn Earth Elementalist on Mar 9, 2023.
             Got out of the dungeon alive.
             The game lasted 00:01:39 (1422 turns).

protoss039 the Digger (DsEE)                        Turns: 1422, Time: 00:01:40

Health: 22/33      AC:  2    Str:  8    XL:     4   Next: 43%
Magic:  8/8        EV: 12    Int: 19    God:
Gold:   131        SH:  0    Dex: 13    Spells: 6/9 levels left

rFire   . . .      SeeInvis .   c - +0 dagger
rCold   . . .      Faith    .   (no shield)
rNeg    . . .      Spirit   .   a - +0 robe
rPois   .          Reflect  .   (no helmet)
rElec   .          Harm     .   (no cloak)
rCorr   .          Rampage  .   (no gloves)
Will    .....                   (no boots)
Stlth   ++........              (no amulet)
HPRegen 0.11/turn               (no ring)
MPRegen 0.11/turn               (no ring)

@: no status effects
A: powered by pain 1, demonic magic 1
a: no special abilities


You escaped.
You visited 1 branch of the dungeon, and saw 3 of its levels.

You collected 131 gold pieces.

Inventory:

Hand Weapons
 c - a +0 dagger (weapon)
 n - a +2 sling of freezing
Armour
 a - a +0 robe (worn)
Scrolls
 d - a scroll of teleportation {unknown}
 f - 2 scrolls of identify {unknown}
 g - a scroll of poison {unknown}
 h - a scroll of blinking {unknown}
 i - a scroll of enchant armour {unknown}
 j - a scroll of immolation {unknown}
 l - a scroll of vulnerability {unknown}
 m - a scroll of magic mapping {unknown}
 o - 2 scrolls of noise {unknown}
Potions
 b - a potion of magic
 e - 2 potions of flight {unknown}
 k - 2 potions of curing {unknown}
 p - a potion of ambrosia {unknown}


   Skills:
 + Level 2.2 Fighting
 - Level 1.7 Dodging
 - Level 1.7 Stealth
 + Level 3.0 Spellcasting
 - Level 0.8 Transmutations
 + Level 3.5 Earth Magic


You had 6 spell levels left.
You knew the following spells:

 Your Spells              Type           Power      Damage    Failure   Level
a - Sandblast             Erth           32%        2d9       3%          1
b - Passwall              Tmut/Erth      9%         N/A       10%         2

Your spell library contained the following spells:

 Spells                   Type           Power      Damage    Failure   Level
 Ensorcelled Hibernation  Hex/Ice        4%         N/A       22%         2
 Stone Arrow              Conj/Erth      18%        3d8       22%         3
 Swiftness                Air            2%         N/A       41%         3
 Petrify                  Tmut/Erth      11%        N/A       52%         4


Dungeon Overview and Level Annotations

Branches:
Dungeon (3/15) Zot: 16555

Altars:


Innate Abilities, Weirdness & Mutations

You sometimes gain a little power by taking damage.
Spells you cast may paralyse adjacent enemies.


Message History

The giant cockroach barely misses you.
Your Spellcasting skill increases to level 3!
You hit the giant cockroach.
The giant cockroach is almost dead.
The giant cockroach misses you. The giant cockroach closely misses you.
Casting: Sandblast (safe; 3% risk of failure)
Confirm with . or Enter, or press ? or * to list all spells.
Aiming: Sandblast (safe; 3% risk of failure)
Press: ? - help, Shift-Dir - straight line, f - giant cockroach
Aim: a giant cockroach (almost dead, 82% to hit)
The blast of sand misses the giant cockroach.
Malevolent energies surge around you. The giant cockroach bites you.
Unknown command.
Casting: Sandblast (safe; 3% risk of failure)
Confirm with . or Enter, or press ? or * to list all spells.
Aiming: Sandblast (safe; 3% risk of failure)
Press: ? - help, Shift-Dir - straight line, f/p - giant cockroach
Aim: a giant cockroach (almost dead, 82% to hit)
The blast of sand hits the giant cockroach!
You kill the giant cockroach!
Malevolent energies surge around you.
Unknown command.
You now have 131 gold pieces (gained 14).
Things that are here:
a +0 halberd; a +0 sling; a gnoll corpse
Items here: )) ††.
Okay, then.
Things that are here:
a +0 dagger; a +0 robe
There is a stone staircase leading up here.
You climb upwards.
There is a stone staircase leading down here.
Unknown command.
There is a stone staircase leading up here.
You climb upwards.
There is a stone staircase leading down here.
Magic restored.
There is a staircase leading out of the dungeon here.
Are you sure you want to leave the Dungeon?
This will make you lose the game!
You have escaped!

# #........## #.......#
####.........##### #.......#
##....######.....##########..####
......# #..............##...#
.###..# #.♣♣♣♣♣♣♣♣♣....##.#.# ##
##.# #.♣PP..PP..♣...##.#.# #
#.####.♣PP..P...♣...#..#.# ###
#......♣..PP...P♣.....##.##
..###.####.♣..P.@.PP♣...####..#
#..##.# #.♣PP...P..♣...# ##.#
#.....# #.♣P...PP..♣...# #.#
......####.♣...P..PP♣...# #.#
...........♣..PP..PP♣..######.###
.####.......♣♣♣♣♣♣♣♣♣.###........
.........#.......................
###.......#.#...####.####(.......
###.......#....## #.####........


There were no monsters in sight!

Vanquished Creatures
  An orc wizard (D:3)
  An adder (D:2)
  3 gnolls (D:3)
  A worm (D:2)
  3 orcs (D:3)
  A ball python (D:1)
  3 bats (D:1)
  2 endoplasms
  2 giant cockroaches
  3 goblins
  2 hobgoblins (D:1)
  2 frilled lizards (D:1)
  3 kobolds
  5 rats
32 creatures vanquished.

Notes
Turn   | Place    | Note
-------+----------+-------------------------------------------
     0 | D:1      | protoss039 the Demonspawn Earth Elementalist began the
                  | quest for the Orb.
     0 | D:1      | Reached XP level 1. HP: 13/13 MP: 3/3
   189 | D:1      | Gained mutation: Spells you cast may paralyse adjacent
                  | enemies. [demonic ancestry]
   189 | D:1      | Reached XP level 2. HP: 20/20 MP: 0/5
   295 | D:1      | Reached skill level 1 in Fighting
   600 | D:1      | Learned a level 2 spell: Passwall
   892 | D:2      | Noticed an eye of devastation
   894 | D:2      | Found a faded altar of an unknown god.
   896 | D:2      | Noticed a floating eye
   896 | D:2      | Noticed an eye of devastation
   896 | D:2      | Noticed a golden eye
  1111 | D:2      | Reached XP level 3. HP: 26/26 MP: 2/6
  1316 | D:3      | Gained mutation: You sometimes gain a little power by
                  | taking damage. [demonic ancestry]
  1316 | D:3      | Reached XP level 4. HP: 33/33 MP: 6/8
  1422 | D:$      | Got out of the dungeon alive.

Illustrated notes

Levels and vault maps discovered:
D:1:      scummos_arrival_checkerplants, layout_rooms
D:2:      layout_rooms, hellmonk_ecumenical_altar_watching_god
D:3:      layout_basic, serial_shops, shop

Skill      XL: |  1  2  3  4 |
---------------+-------------+-----
Fighting       | 1 2 |  2.2
Earth Magic    | 3 |  3.5
Spellcasting   | 3 |  3.0
Dodging        | |  1.7
Stealth        | |  1.7
Transmutations | |  0.8

Action                   |  1- 3 |  4- 6 || total
-------------------------+-------+-------++-------
Melee: Dagger            |    12 |     5 ||    17
       Punch             |       |     1 ||     1
 Fire: Sling             |     3 |       ||     3
 Cast: Sandblast         |    37 |     7 ||    44
 Stab: Paralysed         |     6 |     3 ||     9
Armor: Robe              |     9 |       ||     9
Dodge: Dodged            |    16 |    10 ||    26
